 Dungeon Crawl Stone Soup version 0.29-a0-1008-g949cc1d0fb (webtiles) character file.

Game seed: 15691778767840315870

8584 drugrobin the Cleaver (level 10, 0/79 HPs)
             Began as a Demigod Fighter on Aug 7, 2022.
             Succumbed to Amaemon's poison
             ... on level 9 of the Dungeon.
             The game lasted 00:37:19 (13379 turns).

drugrobin the Cleaver (Demigod Fighter)            Turns: 13379, Time: 00:37:19

Health: 0/79       AC: 13    Str: 28 (29) XL:     10   Next: 87%
Magic:  17/17      EV: 10    Int:  8 (10) God:
Gold:   462        SH:  4    Dex: 12 (13) Spells: 14/14 levels left

rFire   + . .      SeeInvis .   c - +0 war axe
rCold   + + .      Faith    .   H - +0 buckler
rNeg    . . .      Spirit   .   t - +1 ring mail {rC+}
rPois   +          Reflect  .   g - +0 helmet
rElec   +          Harm     .   (no cloak)
rCorr   +          Rampage  .   e - +1 pair of gloves
Will    +....                   (no boots)
Stlth   +.........              (no amulet)
HPRegen 0.23/turn               M - ring of poison resistance
MPRegen 0.15/turn               O - +4 ring of protection

@: brilliant, lethally poisoned (0 -> -2), resistant, attractive, hasted, very
quick
A: high MP 1, forlorn, divine attributes
a: no special abilities


You were on level 9 of the Dungeon.
You visited 1 branch of the dungeon, and saw 12 of its levels.

You collected 462 gold pieces.

Inventory:

Hand Weapons
 a - a +2 hand axe of draining
 b - a +1 trident of venom
 c - a +0 war axe (weapon)
 L - a +5 battleaxe
Missiles
 h - 21 poisoned darts
 v - 3 silver javelins
 A - 6 boomerangs (quivered)
Armour
 e - a +1 pair of gloves (worn)
 g - a +0 helmet (worn)
 i - +0 acid dragon scales
 t - a +1 ring mail of cold resistance (worn)
 C - a +0 chain mail
 H - a +0 buckler (worn)
 J - a +3 leather armour of cold resistance
Jewellery
 F - a ring of willpower
 M - a ring of poison resistance (left hand)
 O - a +4 ring of protection (right hand)
Wands
 s - a wand of charming (2)
 D - a wand of digging (6)
 E - a wand of iceblast (5)
Scrolls
 j - 4 scrolls of vulnerability
 k - a scroll of brand weapon {unknown}
 l - 2 scrolls of torment {unknown}
 n - 2 scrolls of enchant armour {unknown}
 o - 3 scrolls of immolation
 q - 4 scrolls of enchant weapon
 x - 3 scrolls of fear
 y - a scroll of blinking
 z - 2 scrolls of amnesia {unknown}
 G - a scroll of acquirement {unknown}
 I - a scroll of teleportation
 K - a scroll of magic mapping {unknown}
 P - a scroll of summoning {unknown}
Potions
 d - 3 potions of might
 f - a potion of attraction
 p - a potion of brilliance
 r - a potion of flight
 u - 2 potions of lignification
 N - 2 potions of degeneration
 Q - a potion of mutation {unknown}
 R - a potion of heal wounds {unknown}


   Skills:
 + Level 4.2 Fighting
 * Level 14.7 Axes
 - Level 2.6 Armour
 - Level 2.6 Shields
 + Level 2.7 Spellcasting
 + Level 3.1 Evocations


You had 14 spell levels left.
You didn't know any spells.
Your spell library contained the following spells:

 Spells                   Type           Power      Damage    Failure   Level
 Sandblast                Erth           2%         2d4       54%         1
 Passwall                 Tmut/Erth      0%         N/A       67%         2
 Conjure Flame            Conj/Fire      1%         6-21      88%         3
 Ignite Poison            Fire/Tmut/Pois 1%         N/A       88%         3
 Stone Arrow              Conj/Erth      2%         3d7       88%         3
 Airstrike                Air            0%         2d(1-17)  99%         4
 Animate Armour           Summ/Erth      2%         N/A       99%         4
 Sticky Flame             Conj/Fire      1%         2d3       99%         4
 Summon Lightning Spire   Summ/Air       1%         N/A       99%         4
 Blade Hands              Tmut           0%         N/A       100%        5
 Lightning Bolt           Conj/Air       0%         1d11      100%        5
 Iron Shot                Conj/Erth      0%         9d1       100%        6
 Lehudib's Crystal Spear  Conj/Erth      0%         10d2      100%        8


Dungeon Overview and Level Annotations

Branches:
Dungeon (12/15)            Temple (0/1) D:7
   Lair: D:8-11         Orc: D:9-12

Shops:
D:3 :

Annotations:
D:3 1 runed translucent door, Crazy Yiuf
D:9 Amaemon


Innate Abilities, Weirdness & Mutations

You have an increased reservoir of magic. (+10% MP)
You shall have no god before yourself.
Your divine heritage dramatically boosts your attributes as you level up.


Message History

Unknown command.
Blink to where?
Press: ? - help, Dir - move target, p - Amaemon
As you read the scroll of blinking, it crumbles to dust.
* * * LOW HITPOINT WARNING * * *
You feel sick.
Unknown command.
Unknown command.
It was a potion of degeneration.
There was something very wrong with that liquid.
You feel weakened.
You feel dopey.
You feel clumsy.
* * * LOW HITPOINT WARNING * * *
You feel sick.
Unknown command.
Unknown command.
It was a potion of attraction.
You feel attractive to monsters.
* * * LOW HITPOINT WARNING * * *
You feel sick.
Amaemon points at the scorpion and mumbles some strange words.
The scorpion seems to grow toxic.
The scorpion is attracted toward you. x2
Amaemon is attracted toward you. The scorpion is attracted toward you.
It was a potion of brilliance.
You feel clever all of a sudden.
* * * LOW HITPOINT WARNING * * *
You feel sick.
The scorpion stings you but does no damage.
Unknown command.
Unknown command.
Unknown command.
It was a potion of resistance.
You feel protected.
* * * LOW HITPOINT WARNING * * *
You feel sick. The scorpion stings you.
* * * LOW HITPOINT WARNING * * *
Amaemon points at the scorpion and mumbles some strange words.
The scorpion seems to grow toxic.
Unknown command.
It was a potion of haste.
You feel yourself speed up.
You die...

#.#
#................... .
#.#
#..#######.#####.... #
#..# #.#### . #..#
#....# #..# ####.#
#..## #.# ##...## #.#
#....s###### #.#
#....6ss@..# #.#
#....s####.###.#####.#
##...## #...........#
##.## #######.#######
#.# #.......# #.#
#.####### ###.# #.#
#...# #.# ##### #.#


You could see Amaemon (very poisoned) and 4 scorpions.

Vanquished Creatures
  A two-headed ogre (D:7)
  Pikel (D:4)
  An ugly thing (D:12)
  A cyclops (D:12)
  A komodo dragon (D:11)
  2 trolls (D:10)
  Prince Ribbit (D:7)
  A wraith (D:9)
  2 wyverns (D:8)
  5 yaks
  Eustachio (D:6)
  An acid dragon (D:9)
  3 water moccasins
  A sky beast (D:6)
  An orc warrior (D:7)
  An ice beast (D:6)
  An ogre (D:6)
  3 black bears
  A wolf (D:10)
  6 centaurs
  A phantom (D:5)
  4 lemures
  5 kobold brigands
  A gnoll sergeant (D:7)
  2 bullfrogs
  3 scorpions (D:5)
  4 wights
  A killer bee (D:8)
  A howler monkey (D:4)
  2 bullfrog zombies (D:5)
  10 hounds
  3 jellies
  A centaur zombie (D:5)
  2 gnoll boudas
  2 iguanas (D:7)
  6 orc priests
  Jessica (D:2)
  A bullfrog skeleton (D:5)
  8 orc wizards
  A scorpion zombie (D:5)
  A howler monkey zombie (D:5)
  13 gnolls
  6 adders
  A shadow imp (D:6)
  A white imp (D:7)
  3 adder zombies (D:5)
  An adder skeleton (D:5)
  4 worms
  4 dart slugs
  26 orcs
  10 ball pythons
  6 bats
  20 endoplasms
  3 giant cockroaches
  5 goblins
  7 hobgoblins
  4 jackals (D:3)
  36 kobolds
  7 quokkas
  5 frilled lizards
  4 rats
261 creatures vanquished.

Vanquished Creatures (collateral kills)
  A two-headed ogre (D:12)
  A centaur zombie (D:5)
  An iguana (D:5)
  2 orcs (D:5)
5 creatures vanquished.

Vanquished Creatures (others)
  2 orc wizards
  6 fungi (D:2)
  2 plants (D:5)
  4 toadstools (D:2)
  5 withered plants (D:5)
19 creatures vanquished.

Grand Total: 285 creatures vanquished

Notes
Turn   | Place    | Note
-------+----------+-------------------------------------------
     0 | D:1      | drugrobin the Demigod Fighter began the quest for the Orb.
     0 | D:1      | Reached XP level 1. HP: 18/18 MP: 3/3
    14 | D:1      | Reached skill level 2 in Axes
   274 | D:1      | Reached XP level 2. HP: 25/25 MP: 4/4
   593 | D:1      | Upgraded the game from 0.29-a0-1006-g0dd7720b37 to
                  | 0.29-a0-1008-g949cc1d0fb
   606 | D:1      | Reached skill level 3 in Axes
  1121 | D:2      | Reached XP level 3. HP: 18/30 MP: 5/5
  1724 | D:2      | Noticed Jessica
  1733 | D:2      | Killed Jessica
  1734 | D:2      | Reached skill level 4 in Axes
  1734 | D:2      | Reached XP level 4. HP: 36/37 MP: 6/6
  2493 | D:3      | Reached skill level 5 in Axes
  2619 | D:3      | Reached XP level 5. HP: 42/42 MP: 7/7
  3125 | D:3      | Found Lesm's Book Boutique.
  3326 | D:3      | Found a runed translucent door.
  3327 | D:3      | Noticed Crazy Yiuf
  4322 | D:4      | Reached skill level 6 in Axes
  4366 | D:4      | Reached XP level 6. HP: 36/50 MP: 8/8
  5005 | D:4      | Reached skill level 7 in Axes
  5198 | D:4      | Noticed Pikel
  5654 | D:4      | Killed Pikel
  5655 | D:4      | Reached skill level 8 in Axes
  5655 | D:4      | Reached XP level 7. HP: 20/56 MP: 9/9
  5967 | D:5      | Entered Level 5 of the Dungeon
  6122 | D:5      | Reached skill level 9 in Axes
  6416 | D:5      | Reached XP level 8. HP: 55/62 MP: 10/10
  6844 | D:5      | Reached skill level 10 in Axes
  7606 | D:6      | Noticed Eustachio
  7615 | D:6      | Killed Eustachio
  7663 | D:6      | Reached skill level 11 in Axes
  8051 | D:6      | Reached XP level 9. HP: 68/68 MP: 11/11
  8783 | D:7      | Reached skill level 12 in Axes
  9018 | D:7      | Noticed Prince Ribbit
  9047 | D:7      | Killed Prince Ribbit
  9683 | D:7      | Found a staircase to the Ecumenical Temple.
  9934 | D:8      | Noticed a two-headed ogre
 10158 | D:7      | Killed a two-headed ogre
 10159 | D:7      | Reached skill level 13 in Axes
 10814 | D:8      | Reached XP level 10. HP: 67/74 MP: 13/13
 11455 | D:9      | Noticed Amaemon
 11866 | D:9      | Reached skill level 14 in Axes
 11925 | D:9      | You fall into a shaft and drop 3 floors!
 11957 | D:12     | Noticed a cyclops
 11972 | D:12     | Killed a cyclops
 11973 | D:12     | Reached skill level 1 in Spellcasting
 11973 | D:12     | Reached skill level 1 in Evocations
 12177 | D:12     | Noticed a two-headed ogre
 12177 | D:12     | Noticed a cyan ugly thing
 12183 | D:12     | Killed a two-headed ogre
 12200 | D:12     | Killed a cyan ugly thing
 12231 | D:12     | Noticed a manticore
 12634 | D:11     | HP: 3/78 [yak (11)]
 12704 | D:10     | Entered Level 10 of the Dungeon
 13378 | D:9      | HP: 3/79 [poisoned by Amaemon]
 13378 | D:9      | HP: 1/79 [scorpion[Amaemon] (2)]
 13379 | D:9      | Succumbed to Amaemon's poison

Illustrated notes

Levels and vault maps discovered:
D:1:      wander_arrival_lonely_grave, layout_loops_ring, serial_glass,
          glass_columns_a, glass_columns_b
D:2:      cheibrodos_fertilizer, layout_basic, basic_altar,
          ebering_ecumenical_altar_hall, kennysheep_generic_room_16,
          uniq_jessica
D:3:      layout_basic, mainiacjoe_overflow_chevrons, serial_shops, shop,
          minivault_19, uniq_crazy_yiuf_cottage
D:4:      layout_gridville, okawaru_altar_gauntlet_db, grunt_gozag_breadcrumbs,
          nicolae_hexahallways, corexii_shack, kennysheep_path_1, uniq_pikel
D:5:      layout_basic, serial_undead, serial_undead_d, serial_undead_a,
          serial_undead_c, serial_undead_c, serial_undead_c, serial_undead_b,
          serial_undead_b, hangedman_decor_growths, serial_bayou_pond_a
D:6:      layout_basic, overflow_temple_1_default, uniq_eustachio
D:7:      layout_loops_ring, temple_pool_b, grunt_ministairs_9,
          uniq_prince_ribbit1
D:8:      layout_rooms, amcnicky_altar_gilded, minmay_hedge_maze,
          kennysheep_generic_room_14
D:9:      layout_loops_ring, lemuel_crystal_altar,
          mainiacjoe_overflow_catwalk_spiral, grunt_ashenzari_visionary
          [grunt_ashenzari_visionary_swamp, grunt_ashenzari_visionary_snake],
          uniq_amaemon, uniq_gastronok
D:10:     layout_roguey, nzn_wu_jian_contemplation, nicolae_uskayaw_dance_hall,
          erik_lair_island, enter_trove_2
D:11:     layout_basic, portal_ice_cave_entry_ice_simulacra
D:12:     layout_irregular_city, david_orc_4, hangedman_decor_opposing

Skill      XL: |  1  2  3  4  5  6  7  8  9 10 |
---------------+-------------------------------+-----
Axes           | 2 3 4 5 6 8 9 11 13 14 | 14.7
Fighting       | 4 |  4.2
Spellcasting   | 2 |  2.7
Evocations     | 3 |  3.1
Armour         | |  2.6
Shields        | |  2.6

Action                   |  1- 3 |  4- 6 |  7- 9 | 10-12 || total
-------------------------+-------+-------+-------+-------++-------
Melee: War axe           |   130 |   281 |   159 |    20 ||   590
       Dagger            |       |     2 |    16 |     3 ||    21
       Hand axe          |       |       |   204 |    89 ||   293
       Trident           |       |       |       |    86 ||    86
Throw: Dart              |     2 |    23 |    18 |    11 ||    54
       Boomerang         |       |       |    23 |     3 ||    26
Evoke: Wand              |       |       |     9 |     9 ||    18
  Use: Potion            |       |     3 |       |     7 ||    10
       Scroll            |       |       |       |    11 ||    11
 Stab: Sleeping          |       |       |     1 |       ||     1
       Distracted        |       |       |       |     1 ||     1
Armor: Scale mail        |    59 |    30 |       |       ||    89
       Ring mail         |       |    56 |    67 |    20 ||   143
       Skin              |       |     5 |       |       ||     5
       Leather armour    |       |       |    54 |    28 ||    82
       Chain mail        |       |       |       |    27 ||    27
Dodge: Dodged            |    52 |   141 |   143 |    35 ||   371
Block: Buckler           |    24 |    51 |    60 |    26 ||   161

Table legend: (Time is in decaauts)
 A = Elapsed time spent in this place.
 B = Non-inter-level travel time spent in this place.
 C = Inter-level travel time spent in this place.
 D = Time resting spent in this place.
 E = Time spent auto-exploring this place.
 F = Levels seen in this place.
 G = Mean time per level.
                   A        B        C        D        E       F      G
               +--------+--------+--------+--------+--------+-----+--------+
         Total |  13409 |  12863 |    546 |   3018 |   6330 |  12 | 1117.4 |
       Dungeon |  13409 |  12863 |    546 |   3018 |   6330 |  12 | 1117.4 |
               +--------+--------+--------+--------+--------+-----+--------+

Top non-repeatable levels by time:
     D:3: 2031 daAuts
     D:7: 1792 daAuts
     D:4: 1554 daAuts
     D:2: 1524 daAuts
     D:6: 1479 daAuts
     D:5: 1144 daAuts
     D:8: 1117 daAuts
     D:1: 1007 daAuts
    D:10: 595 daAuts
    D:11: 457 daAuts
     D:9: 394 daAuts
    D:12: 310 daAuts
